 Dungeon Crawl Stone Soup version 0.31-a0-851-g7ff8af7976 (webtiles) character file.

Game seed: 14903473650095776068

75 lessens the Chopper (level 4, -1/35 HPs)
             Began as a Demonspawn Fighter on Oct 5, 2023.
             Slain by a gnoll
             ... wielding a +0 spear
              (4 damage)
             ... on level 3 of the Dungeon on Oct 6, 2023.
             The game lasted 00:01:46 (2258 turns).

lessens the Chopper (Demonspawn Fighter)            Turns: 2258, Time: 00:01:46

Health: -1/35      AC:  6    Str: 18    XL:     4   Next: 11%
Magic:  4/4        EV:  9    Int:  9    God:
Gold:   116        SH:  4    Dex: 13    Spells: 3/3 levels left

rFire   . . .        a - +0 war axe
rCold   . . .        c - +0 buckler
rNeg    . . .        b - +0 scale mail
rPois   .            (no helmet)
rElec   .            (no cloak)
rCorr   .            (no gloves)
SInv    .            (no boots)
Will    .....        (no amulet) Stlth
                     (no ring)
HPRegen 0.25/turn    (no ring)
MPRegen 0.09/turn

%: no passive effects
@: no status effects
A: ignite blood 1, powered by death 1, weakness stinger 1
a: no special abilities


You were on level 3 of the Dungeon.
You visited 1 branch of the dungeon, and saw 3 of its levels.

You collected 116 gold pieces.

Inventory:

Hand Weapons
 a - a +0 war axe (weapon)
Missiles
 g - 43 stones
Armour
 b - a +0 scale mail (worn)
 c - a +0 buckler (worn)
Jewellery
 f - a ring of magical power
 k - a ring of ice
 l - an amulet of magic regeneration
Scrolls
 e - a scroll of brand weapon {unknown}
 i - 4 scrolls of revelation {unknown}
 j - a scroll of teleportation {unknown}
 o - a scroll of identify {unknown}
 p - 2 scrolls of immolation {unknown}
 r - 3 scrolls of noise {unknown}
 s - a scroll of acquirement {unknown}
Potions
 d - a potion of might
 h - 2 potions of berserk rage {unknown}
 m - a potion of curing {unknown}
 n - a potion of heal wounds {unknown}
 q - a potion of degeneration {unknown}


   Skills:
 - Level 3.0 Fighting
 + Level 4.0 Axes
 - Level 2.6 Armour
 - Level 2.6 Shields


You had 3 spell levels left.
You didn't know any spells.
Your spell library contained the following spells:

 Spells                   Type           Power      Damage    Failure   Level
 Necrotise                Necr           0%         1d4       86%         1
 Gell's Gravitas          Tloc           0%         N/A       99%         3
 Teleport Other           Tloc           0%         N/A       99%         3
 Vampiric Draining        Necr           0%         2d6       99%         3
 Agony                    Necr           0%         N/A       100%        5
 Dispersal                Tloc           0%         N/A       100%        6


Dungeon Overview and Level Annotations

Branches:
Dungeon (3/15) Zot: 15695

Altars:

Annotations:
D:3 1 runed translucent door, retardedninja's ghost, amateur GrFE


Innate Abilities, Weirdness & Mutations

Your demonic aura sometimes causes spilled blood to erupt in flames.
You regenerate a little health from kills.
You have a small tail.


Message History

Your Axes skill increases to level 4!
You have reached level 4!
You feel agile.
Your demonic ancestry asserts itself...
You grow a small tail.
You see here a hobgoblin corpse.
The gnoll hits you from afar with a +0 spear.
The gnoll hits you but does no damage. x2
You see here a hobgoblin corpse.
You barely miss the gnoll. You block the gnoll's attack.
The gnoll hits you with a +0 spear. You block the gnoll's attack.
The gnoll hits you with a +0 spear.
You closely miss the gnoll. You block the gnoll's attack.
The gnoll hits you with a +0 spear.
You hit the gnoll but do no damage. The gnoll misses you.
The gnoll barely misses you.
You hit the gnoll but do no damage. The gnoll hits you but does no damage.
The gnoll closely misses you. The gnoll barely misses you. x2
You hit the gnoll.
The gnoll is lightly wounded.
The gnoll hits you but does no damage. The gnoll hits you with a +0 spear.
You barely miss the gnoll.
The gnoll is lightly wounded.
The gnoll hits you from afar with a +0 spear.
The gnoll hits you with a +0 spear.
You barely miss the gnoll.
The gnoll is lightly wounded.
You block the gnoll's attack. The gnoll hits you with a +0 spear.
* * * LOW HITPOINT WARNING * * *
The gnoll barely misses you.
You hit the gnoll but do no damage. You tail-slap the gnoll.
The gnoll is heavily wounded.
The gnoll barely misses you. The gnoll closely misses you.
The gnoll hits you with a +0 spear.
* * * LOW HITPOINT WARNING * * *
Okay, then.
The gnoll barely misses you. The gnoll attacks as it pursues you!
You block the gnoll's attack. The gnoll attacks as it pursues you!
The gnoll hits you from afar with a +0 spear.
You die...

#.######.######...### . #.#
####............. ..
##.###........##...### ...
#......#########.....[ ....
######## #....## ....$ #.#.###
......####### ########[#.# #
......).K.gg#######........#.# #
......#####..g.@...........#.###
..... ########.#+#..........
.... #.#W#......###. ###
#.#W#.......... #.#~#.......#..
#.#~#......###.
#####!#..........
...#~#.[...####. #.###.>....# #.


You could see retardedninja's ghost, 3 gnolls and a kobold.

Vanquished Creatures
  A gnoll (D:3)
  An adder (D:2)
  2 worms
  An endoplasm (D:2)
  3 goblins
  6 hobgoblins
  11 jackals
  7 ball pythons
  8 bats
  4 frilled lizards
  3 kobolds (D:1)
  2 rats
49 creatures vanquished.

Notes
Turn   | Place    | Note
-------+----------+-------------------------------------------
     0 | D:1      | lessens the Demonspawn Fighter began the quest for the Orb.
     0 | D:1      | Reached XP level 1. HP: 18/18 MP: 1/1
    58 | D:1      | Found a faded altar of an unknown god.
   147 | D:1      | Reached skill level 2 in Axes
   490 | D:1      | Gained mutation: Your demonic aura sometimes causes spilled
                  | blood to erupt in flames. [demonic ancestry]
   490 | D:1      | Reached XP level 2. HP: 24/24 MP: 2/2
  1107 | D:2      | Reached skill level 3 in Axes
  1438 | D:2      | Gained mutation: You regenerate a little health from kills.
                  | [demonic ancestry]
  1438 | D:2      | Reached XP level 3. HP: 29/29 MP: 3/3
  2204 | D:3      | Found a runed translucent door.
  2206 | D:3      | Noticed retardedninja's ghost (amateur GrFE)
  2239 | D:3      | Reached skill level 4 in Axes
  2239 | D:3      | Gained mutation: You have a small tail. [demonic ancestry]
  2239 | D:3      | Reached XP level 4. HP: 26/35 MP: 4/4
  2258 | D:3      | Slain by a gnoll

Illustrated notes

Levels and vault maps discovered:
D:1:      heliophobic_arrival_glass_houses, layout_loops_ring,
          chequers_ecumenical_altar_island, feat_on_display
D:2:      layout_loops_corners
D:3:      layout_rooms, ebering_ghost_sewer_d, kennysheep_generic_room_7

Skill      XL: |  1  2  3 |
---------------+----------+-----
Axes           | 2 3 4 |  4.0
Fighting       | |  3.0
Armour         | |  2.6
Shields        | |  2.6

Action                     |  1- 3 |  4- 6 || total
---------------------------+-------+-------++-------
  Melee: War axe           |   108 |     8 ||   116
         Tailslap          |       |     1 ||     1
 Armour: Scale mail        |   112 |    14 ||   126
  Dodge: Dodged            |    59 |     9 ||    68
  Block: Buckler           |    19 |     5 ||    24

Table legend: (Time is in decaauts)
 A = Elapsed time spent in this place.
 B = Non-inter-level travel time spent in this place.
 C = Inter-level travel time spent in this place.
 D = Time resting spent in this place.
 E = Time spent auto-exploring this place.
 F = Levels seen in this place.
 G = Mean time per level.
                   A        B        C        D        E       F      G
               +--------+--------+--------+--------+--------+-----+--------+
         Total |   2303 |   2216 |     87 |     86 |   1824 |   3 |  767.7 |
       Dungeon |   2303 |   2216 |     87 |     86 |   1824 |   3 |  767.7 |
               +--------+--------+--------+--------+--------+-----+--------+

Top non-repeatable levels by time:
     D:2: 1107 daAuts
     D:1: 873 daAuts
     D:3: 322 daAuts

Levels and vault maps discovered:
D:1:      heliophobic_arrival_glass_houses, layout_loops_ring,
          chequers_ecumenical_altar_island, feat_on_display
D:2:      layout_loops_corners
D:3:      layout_rooms, ebering_ghost_sewer_d, kennysheep_generic_room_7
